 Dungeon Crawl Stone Soup version 0.20.1-1-g8b1a95d (webtiles) character file.

524 Fisto the Slasher (level 7, -3/67 HPs)
             Began as a Hill Orc Fighter on Nov 5, 2017.
             Was an Initiate of Beogh.
             Succumbed to Duvessa's poison
             ... on level 5 of the Dungeon.
             The game lasted 00:31:53 (2687 turns).

Fisto the Slasher (Hill Orc Fighter)                Turns: 2687, Time: 00:31:54

Health: -3/67      AC: 13    Str: 20 (21) XL:     7   Next: 22%
Magic:  7/7        EV:  6    Int:  7 (8)  God:    Beogh [......]
Gold:   119        SH:  9    Dex:  9 (10) Spells: 6/6 levels left

rFire    . . .     SeeInvis .   a - +0 long sword
rCold    . . .     Gourm    .   c - +0 shield
rNeg     . . .     Faith    .   q - +0 chain mail
rPois    +         Spirit   .   (no helmet)
rElec    .         Reflect  .   (no cloak)
rCorr    .         Harm     .   (no gloves)
MR       .....     Rnd*Rage +   b - +2 pair of boots
Stlth    ..........             (no amulet)
Regen    0.3/turn               g - ring of flight
MPRegen  0.1/turn               s - ring of poison resistance

@: lethally poisoned (-3 -> -37), berserk cooldown, slowed, very slow
A: fangs 1, berserk 1, robust 1
a: Renounce Religion, Evoke Flight


You were on level 5 of the Dungeon.
You worshipped Beogh.
Beogh was noncommittal.
You were not hungry.

You visited 1 branch of the dungeon, and saw 5 of its levels.

You collected 312 gold pieces.
You spent 193 gold pieces at shops.

Inventory:

Hand Weapons
 a - a +0 long sword (weapon)
 d - a +2 mace of draining
Missiles
 e - 69 stones (quivered)
Armour
 b - a +2 pair of boots (worn)
 c - a +0 shield (worn)
 q - a +0 chain mail (worn)
Jewellery
 g - a ring of flight (left hand)
 s - a ring of poison resistance (right hand)
Wands
 p - a wand of lightning (1/15)
Scrolls
 i - a scroll of enchant weapon {unknown}
 k - a scroll of immolation {unknown}
 m - a scroll of remove curse {unknown}
 n - 3 scrolls of identify {unknown}
 o - a scroll of magic mapping {unknown}
 r - 2 scrolls of enchant armour {unknown}
 t - a scroll of teleportation {unknown}
 u - a scroll of noise {unknown}
Comestibles
 f - 4 bread rations
 j - 2 royal jellies


   Skills:
 + Level 5.0 Fighting
 + Level 5.1 Long Blades
 + Level 0.3 Throwing
 + Level 4.9 Armour
 + Level 1.4 Dodging
 + Level 0.1 Stealth
 + Level 4.9 Shields
 + Level 0.2 Evocations


You had 6 spell levels left.
You didn't know any spells.

Dungeon Overview and Level Annotations

Branches:
Dungeon (5/15)             Temple (0/1) D:5

Altars:
Trog

Shops:
D:4 **%[

Annotations:
D:3 centipede's ghost, amateur DgTm


Innate Abilities, Weirdness & Mutations

You have very sharp teeth.
You tend to lose your temper in combat.
You are robust. (+10% HP)


Message History

* * * LOW HITPOINT WARNING * * *
You are more poisoned.
The scorpion stings you but does no damage.
You slash Duvessa!
You kill Duvessa!
Beogh accepts your kill.
You feel your intelligence returning.
Your Fighting skill increases to level 5!
Your Long Blades skill increases to level 5!
You have reached level 7!
You are no longer berserk.
You are exhausted.
You feel yourself slow down.
* * * LOW HITPOINT WARNING * * *
You feel sick.
The scorpion stings you but does no damage.
You block the scorpion's attack.
As you read the scroll labeled ZIOROOHYCECW, it crumbles to dust.
The scroll dissolves into smoke.
It was a scroll of fog.
You die...

..#...#
#.#.######.#
.... ..#.#.#
#.....÷....#
##.##.
....#.#
###.)#####.#
#.# #.###.#
##.## #.#
#.# #.....#
#..# ###
.....##
##.## .....#
##..# .....#
#§5§##
.....#
#§@s§#
.....#
#§§s§##
.....#
#§....#
.....#
#.###'#
.....#
#.#.....#
.....#
#.#.....#
######
###.....#
'..>.['
%#.....##


You could see 2 scorpions and a crimson imp.

Vanquished Creatures
  Duvessa (D:5)
  A sky beast (D:5)
  An ogre (D:5)
  A scorpion (D:4)
  Dowan (D:5)
  2 orc wizards (D:3)
  A worker ant (D:4)
  2 adders
  A shadow imp (D:5)
  An ooze (D:1)
  2 worms
  2 dart slugs
  3 leopard geckos
  10 orcs
  A giant cockroach (D:1)
  5 goblins
  9 hobgoblins
  4 jackals (D:1)
  A quokka (D:3)
  6 bats
  6 frilled lizards
  5 kobolds
  4 rats
70 creatures vanquished.

Notes
Turn   | Place    | Note
-------+----------+-------------------------------------------
     0 | D:1      | Fisto the Hill Orc Fighter began the quest for the Orb.
     0 | D:1      | Reached XP level 1. HP: 19/19 MP: 1/1
    56 | D:1      | Reached XP level 2. HP: 19/27 MP: 2/2
   288 | D:1      | Reached XP level 3. HP: 31/33 MP: 3/3
  1141 | D:3      | Reached XP level 4. HP: 41/41 MP: 4/4
  1161 | D:3      | Gained mutation: You have very sharp teeth. [potion of mutation]
  1161 | D:3      | Gained mutation: You tend to lose your temper in combat. [potion of mutation]
  1161 | D:3      | Gained mutation: You are robust. (+10% HP) [potion of mutation]
  1253 | D:3      | Noticed centipede's ghost (amateur DgTm)
  1460 | D:3      | Reached XP level 5. HP: 25/51 MP: 5/5
  1614 | D:4      | Became a worshipper of Beogh the Brigand
  1630 | D:4      | Found Ytiumm's Armour Emporium.
  1638 | D:4      | Bought a +2 pair of boots for 165 gold pieces
  1933 | D:4      | Found Fecluu Iskiu's Food Shoppe.
  2023 | D:4      | Found Lamoxki's Assorted Antiques.
  2059 | D:4      | Bought a royal jelly for 28 gold pieces
  2079 | D:4      | Found Kunon's Assorted Antiques.
  2152 | D:4      | Found a bloodstained altar of Trog.
  2234 | D:5      | Entered Level 5 of the Dungeon
  2356 | D:5      | Noticed an ogre
  2374 | D:5      | Killed an ogre
  2374 | D:5      | Reached skill level 1 in Dodging
  2374 | D:5      | Reached XP level 6. HP: 58/58 MP: 6/6
  2433 | D:5      | Noticed a sky beast
  2472 | D:5      | Killed a sky beast
  2646 | D:5      | Found a staircase to the Ecumenical Temple.
  2651 | D:5      | Noticed Duvessa
  2653 | D:5      | Noticed Dowan
  2674 | D:5      | Killed Dowan
  2685 | D:5      | HP: 3/90 [Duvessa/short sword of venom (13)]
  2686 | D:5      | Killed Duvessa
  2686 | D:5      | Reached skill level 5 in Fighting
  2686 | D:5      | Reached skill level 5 in Long Blades
  2686 | D:5      | Reached XP level 7. HP: 3/67 MP: 7/7
  2686 | D:5      | HP: 1/67 [poisoned by Duvessa]
  2687 | D:5      | Succumbed to Duvessa's poison

Skill      XL: |  1  2  3  4  5  6 |
---------------+-------------------+-----
Fighting       | 4 5 |  5.0
Long Blades    | 3 4 5 |  5.1
Shields        | 4 |  4.9
Armour         | 4 |  4.9
Dodging        | 1 |  1.4
Throwing       | |  0.3
Stealth        | |  0.1
Evocations     | |  0.2

Action                   |  1- 3 |  4- 6 |  7- 9 || total
-------------------------+-------+-------+-------++-------
Melee: Long sword        |   125 |   139 |       ||   264
       Bite              |       |     8 |       ||     8
Throw: Stone             |     2 |       |       ||     2
Invok: Convert to Beogh  |       |     1 |       ||     1
Evoke: Wand              |       |     3 |       ||     3
  Use: Potion            |       |     8 |       ||     8
       Scroll            |       |       |     1 ||     1
  Eat: Chunk             |     1 |       |       ||     1
       Meat ration       |       |     1 |       ||     1
Armor: Scale mail        |    60 |    25 |       ||    85
       Chain mail        |       |    50 |     1 ||    51
       Skin              |       |     3 |       ||     3
Dodge: Dodged            |    42 |    44 |       ||    86
Block: Shield            |    75 |    75 |     1 ||   151
       Rpst.: Long sword |    16 |    14 |       ||    30
